 Dungeon Crawl Stone Soup version 0.19-a0-1891-ge1d1fe8 (webtiles) character file.

125739 Eniamerus the Imperceptible (level 16, -2/87 HPs)
             Began as a Spriggan Assassin on Oct 18, 2016.
             Was the Champion of Okawaru.
             Slain by a shambling mangrove (23 damage)
             ... on level 3 of the Swamp.
             The game lasted 01:55:54 (47410 turns).

Eniamerus the Imperceptible (Spriggan Assassin)    Turns: 47410, Time: 01:55:54

Health: -2/87      AC: 11    Str: 10    XL:     16   Next: 42%
Magic:  7/23       EV: 24    Int: 17    God:    Okawaru [******]
Gold:   1886       SH:  0    Dex: 24    Spells: 0 memorised, 15 levels left

rFire  . . .     SeeInvis +     a - +5 dagger (elec)
rCold  . . .     Gourm    .     T - +2 robe {MR+}
rNeg   + . .     Faith    +     (shield restricted)
rPois  .         Spirit   .     U - +2 hat of Immorality {rCorr Int+4}
rElec  +         Reflect  .     m - +2 cloak {+Inv}
rCorr  +         Harm     .     (gloves unavailable)
MR     +++..                    (boots unavailable)
Stlth  ++++++++..               p - amulet of faith
                                V - +2 ring of protection
                                Z - ring of Qiosu {rElec rN+ Str+3}

@: grasped by roots, quick
A: unfitting armour, see invisible, herbivore 3, speed 3, slow metabolism 2
a: Heroism, Finesse, Renounce Religion, Evoke Invisibility


You were on level 3 of the Swamp.
You worshipped Okawaru.
Okawaru was exalted by your worship.
You were not hungry.

You visited 5 branches of the dungeon, and saw 27 of its levels.
You also visited: Bailey.

You collected 2686 gold pieces.
You spent 800 gold pieces at shops.

Inventory:

Hand Weapons
 a - a +5 dagger of electrocution (weapon)
 b - a +4 blowgun
 P - the +1 quick blade of the Hand {antimagic, SInv Stlth+}
   (Okawaru gifted it to you on level 1 of the Swamp)

   It reduces the magical energy of the wielder, and disrupts the spells and
   magical abilities of those hit.
   Natural abilities and divine invocations are not affected.
   It lets you see invisible.
   It makes you more stealthy.
Missiles
 c - 6 needles of frenzy
 e - 5 needles of paralysis
 k - 58 tomahawks of returning (quivered)
 q - 17 needles of sleeping
 r - 79 poisoned needles
 J - 14 curare-tipped needles
 N - 3 tomahawks of dispersal
 O - 20 needles of confusion
Armour
 m - a +2 cloak of invisibility (worn)
 v - a +0 robe of fire resistance
 T - a +2 robe of magic resistance (worn)
 U - the +2 hat of Immorality (worn) {rCorr Int+4}
   (Okawaru gifted it to you on level 4 of the Lair of Beasts)

   It affects your intelligence (+4).
   It protects you from acid and corrosion.
Jewellery
 p - an amulet of faith (around neck)
 A - an uncursed amulet of rage
 V - a +2 ring of protection (right hand)
 Z - the ring of Qiosu (left hand) {rElec rN+ Str+3}
   (You found it on level 10 of the Dungeon)

   [ring of strength]

   It affects your strength (+3).
   It insulates you from electricity.
   It protects you from negative energy.
Wands
 o - a wand of hasting (6/9)
 B - a wand of iceblast (8/15)
 F - a wand of disintegration (8/24)
 H - a wand of iceblast (8/15)
 L - a wand of confusion (40/48)
 Q - a wand of paralysis (10/24)
 S - a wand of disintegration (9/24)
 W - a wand of confusion (24/48)
Scrolls
 d - a scroll of enchant armour
 s - a scroll of fear
 x - 2 scrolls of recharging
 y - 3 scrolls of magic mapping
 D - 2 scrolls of blinking
 E - 11 scrolls of remove curse
 I - 2 scrolls of teleportation
 M - a scroll of identify
 X - a scroll of fog
 Y - a scroll of amnesia
Potions
 f - 2 potions of berserk rage
 h - 4 potions of resistance
 i - 4 potions of brilliance
 j - a potion of might
 l - 6 potions of lignification
 t - 2 potions of curing
 u - 7 potions of mutation
 w - 2 potions of cure mutation
 z - 2 potions of agility
 G - a potion of cancellation
 K - 3 potions of ambrosia
Books
 n - a book of Cantrips

   Spells                             Type                      Level
   a - Confusing Touch                Hexes                        1
   b - Animate Skeleton               Necromancy                   1
   c - Summon Small Mammal            Summoning                    1
   d - Apportation                    Translocation                1
Comestibles
 g - 14 bread rations


   Skills:
 + Level 11.0 Fighting
 + Level 13.8 Short Blades
 + Level 12.8 Throwing
 + Level 17.1 Dodging
 + Level 21.2 Stealth
 - Level 4.0 Invocations
 - Level 8.0 Evocations


You had 15 spell levels left.
You didn't know any spells.

Dungeon Overview and Level Annotations

Branches:
Dungeon (15/15)            Temple (1/1) D:4            Lair (6/6) D:8
  Swamp (3/4) Lair:3        Snake (0/4) Lair:2        Slime (0/5) Lair:6
    Orc (2/2) D:12            Elf (0/3) Orc:2        Vaults (0/5) D:13
 Depths (0/5) D:15

Altars:
Ashenzari
Cheibriados
Dithmenos
Elyvilon
Fedhas
Gozag
Hepliaklqana
Kikubaaqudgha
Makhleb
Nemelex Xobeh
Okawaru
Qazlal
Ru
Sif Muna
Trog
Uskayaw
Vehumet
Xom
Yredelemnul
Zin
The Shining One
Jiyva

Shops:
D:14 ??*   Orc:2 [:([*


Innate Abilities, Weirdness & Mutations

You are very small and have problems with some larger weapons.
You are too small for most types of armour.
You have supernaturally acute eyesight. (SInv)
You are a herbivore.
You cover ground extremely quickly.
You need consume almost no food.


Message History

You hit the shambling mangrove but do no damage.
The shambling mangrove is lightly damaged.
The shambling mangrove completely misses you.
Wield which item (- for none, * to show all)? (? for menu, Esc to quit)
You feel magic returning to you.
You hear the crackle of electricity.
a - a +5 dagger of electrocution (weapon)
You hit the shambling mangrove but do no damage.
The shambling mangrove is lightly damaged.
The shambling mangrove hits you!!
* * * LOW HITPOINT WARNING * * *
You hit the shambling mangrove but do no damage.
The shambling mangrove is lightly damaged.
You hit the shambling mangrove but do no damage.
There is a sudden explosion of sparks!
The shambling mangrove is moderately damaged.
You hit the shambling mangrove but do no damage.
The shambling mangrove is moderately damaged.
The shambling mangrove hits you!!
You die...

♣♣♣♣..≈.<..≈≈≈≈.♣♣♣
♣♣♣..§≈≈≈.≈≈≈.
♣♣.≈≈≈≈≈≈♣♣.♣
♣.≈≈≈≈.... ≈≈
♣§.≈..≈≈≈♣≈
♣♣≈§≈≈≈≈...
♣.♣≈..≈≈.♣≈
♣♣.♣≈≈≈≈≈.♣
♣≈f@.≈≈≈≈♣♣
....≈≈.≈.♣..♣♣
#♣♣.♣..≈..♣♣♣
♣♣♣.♣≈≈♣♣ ..<.♣♣
...♣♣♣ ..♣ .♣♣


You could see a shambling mangrove.

Vanquished Creatures
  Kirke (Swamp:1)
  Agnes (D:14)
  2 thorn hunters
  A vault warden (D:13)
  2 orc warlords
  Louise (Swamp:1)
  Nessos (Lair:5)
  Josephine (D:14)
  An ettin (Orc:2)
  An ice dragon (D:15)
  2 fire dragons
  13 hydras
  A vault guard (D:13)
  Harold (Lair:3)
  Erolcha (D:10)
  A death knight (D:15)
  6 alligators
  4 catoblepae
  2 centaur warriors
  18 death yaks
  2 tengu warriors
  2 orc high priests (Orc:2)
  3 unseen horrors
  A swamp dragon (Swamp:3)
  2 hill giants
  6 orc knights
  3 ugly things (D:13)
  2 orc sorcerers
  2 cyclopes (D:12)
  4 elephants (Lair:6)
  Maurice (D:10)
  5 black mambas
  16 spiny frogs
  2 centaur zombies
  A gargoyle (D:10)
  2 torpor snails (Lair:6)
  2 yaktaurs (D:15)
  5 komodo dragons
  4 rime drakes
  4 tengu conjurers
  7 trolls
  A polar bear (Lair:6)
  13 slime creatures
  6 tyrant leeches
  2 two-headed ogres
  6 hornets
  6 dream sheep
  2 bog bodies (Swamp:2)
  19 blink frogs
  8 hippogriffs
  A shadow (Swamp:3)
  4 spriggans
  4 wraiths
  71 yaks
  7 wyverns
  A basilisk (shapeshifter) (D:13)
  4 basilisks
  A human (shapeshifter) (D:13)
  A steam dragon (Lair:6)
  A hungry ghost (D:8)
  A mottled dragon (D:12)
  23 vampire mosquitoes
  2 wargs (Orc:2)
  14 insubstantial wisps
  4 nagas (Lair:2)
  14 swamp worms
  A soldier ant (D:12)
  15 water moccasins
  A hornet zombie (D:15)
  32 orc warriors
  3 sky beasts
  8 porcupines
  6 swamp drakes
  5 black bears
  3 ice beasts
  An eye of draining (shapeshifter) (D:14)
  3 phantoms
  22 centaurs
  3 necrophages
  15 wolves
  15 ogres
  15 crocodiles
  18 bullfrogs
  2 big kobolds
  8 earth elementals (D:12)
  10 killer bees
  2 scorpions
  9 wights
  14 howler monkeys
  5 crimson imps
  A bullfrog zombie (D:9)
  5 jellies
  A quasit (D:13)
  5 bullfrog skeletons
  5 hounds
  17 orc priests
  23 orc wizards
  4 centaur skeletons
  3 iguanas
  7 hell rats
  13 worker ants
  A killer bee zombie (D:6)
  A hound skeleton (D:11)
  2 worker ant zombies
  2 gnolls (Bailey)
  13 river rats
  13 adders
  A shadow imp (D:9)
  2 oozes
  An adder skeleton (D:4)
  3 worms
  5 dart slugs
  4 leopard geckos
  67 orcs
  9 bats
  9 giant cockroaches
  17 hobgoblins
  A jackal (D:9)
  35 kobolds
  4 quokkas
  4 frilled lizards
  5 goblins
  A jackal skeleton (D:7)
  A quokka skeleton (D:7)
  25 rats
  A fungus (Lair:4)
880 creatures vanquished.

Vanquished Creatures (collateral kills)
  A troll (Orc:2)
  A warg (Orc:2)
  5 orc warriors (Orc:2)
7 creatures vanquished.

Vanquished Creatures (others)
  A hydra (Swamp:2)
  An orc knight (Orc:2)
  A slime creature (Swamp:2)
  A tyrant leech (Swamp:2)
  5 humans (Swamp:1)
  A vampire mosquito (Swamp:2)
  An insubstantial wisp (Swamp:2)
  An orc wizard (Orc:1)
  3 orcs
  15 fungi
  3 plants (Lair:6)
33 creatures vanquished.

Grand Total: 920 creatures vanquished

Notes
Turn   | Place    | Note
-------+----------+-------------------------------------------
     0 | D:1      | Eniamerus the Spriggan Assassin began the quest for the Orb.
     0 | D:1      | Reached XP level 1. HP: 10/10 MP: 2/2
    85 | D:1      | Reached skill level 6 in Stealth
   641 | D:1      | Reached XP level 2. HP: 5/14 MP: 3/3
  1150 | D:1      | Reached skill level 7 in Stealth
  1304 | D:2      | Reached XP level 3. HP: 3/18 MP: 4/4
  1754 | D:2      | Found an iron altar of Okawaru.
  1761 | D:2      | Became a worshipper of Warmaster Okawaru
  2648 | D:2      | Reached skill level 8 in Stealth
  2770 | D:3      | Reached XP level 4. HP: 15/22 MP: 5/5
  2778 | D:3      | Reached skill level 9 in Stealth
  3363 | D:3      | Reached XP level 5. HP: 25/25 MP: 6/6
  3676 | D:3      | Reached * piety under Okawaru
  3707 | D:3      | Found a snail-covered altar of Cheibriados.
  3724 | D:3      | Reached skill level 10 in Stealth
  3749 | D:3      | Found a sparkling altar of Nemelex Xobeh.
  4008 | D:4      | Found a sparkling altar of Nemelex Xobeh.
  4029 | D:4      | Found an ancient bone altar of Kikubaaqudgha.
  4080 | D:4      | Found a stormy altar of Qazlal.
  4093 | D:4      | Found a hide-covered altar of Uskayaw.
  4100 | D:4      | Found a staircase to the Ecumenical Temple.
  4128 | Temple   | Entered the Ecumenical Temple
  4398 | D:4      | Found a glowing golden altar of the Shining One.
  4580 | D:4      | Found a radiant altar of Vehumet.
  4915 | D:5      | Entered Level 5 of the Dungeon
  4916 | D:5      | Reached skill level 11 in Stealth
  4916 | D:5      | Reached XP level 6. HP: 30/30 MP: 7/7
  5037 | D:4      | Reached ** piety under Okawaru
  5037 | D:4      | Reached skill level 12 in Stealth
  5373 | D:5      | Reached XP level 7. HP: 33/33 MP: 8/8
  6559 | D:6      | Reached XP level 8. HP: 39/39 MP: 9/9
  6593 | D:6      | Reached *** piety under Okawaru
  6593 | D:6      | Reached skill level 13 in Stealth
  6698 | D:6      | Reached skill level 5 in Dodging
  6803 | D:6      | Found a shattered altar of Ashenzari.
  7398 | D:6      | Found a glowing silver altar of Zin.
  7398 | D:6      | Noticed an angel
  7457 | D:7      | Reached **** piety under Okawaru
  7599 | D:7      | Reached XP level 9. HP: 44/44 MP: 10/10
  7602 | D:7      | Received a gift from Okawaru
  7728 | D:7      | Reached skill level 5 in Short Blades
  8275 | D:8      | Reached skill level 5 in Throwing
  8598 | D:8      | Found a staircase to the Lair.
  8662 | D:8      | Reached skill level 14 in Stealth
  8910 | D:8      | Reached ***** piety under Okawaru
  9787 | D:9      | Found a shadowy altar of Dithmenos.
 10452 | D:9      | Found a bloodstained altar of Trog.
 10718 | D:9      | Reached XP level 10. HP: 50/50 MP: 11/11
 11121 | D:9      | Reached skill level 5 in Fighting
 11273 | D:9      | Received a gift from Okawaru
 11415 | D:10     | Entered Level 10 of the Dungeon
 11898 | D:8      | Reached skill level 15 in Stealth
 11942 | Lair:1   | Entered Level 1 of the Lair of Beasts
 11973 | D:8      | Received a gift from Okawaru
 12500 | Lair:1   | Noticed a spiny frog
 12504 | Lair:1   | Killed a spiny frog
 12504 | Lair:1   | Received a gift from Okawaru
 13782 | Lair:1   | Noticed a black mamba
 13795 | Lair:1   | Killed a black mamba
 14406 | Lair:1   | Reached skill level 10 in Dodging
 14437 | Lair:1   | Reached XP level 11. HP: 26/56 MP: 12/12
 14787 | Lair:2   | Found a staircase to the Snake Pit.
 14883 | Lair:2   | Received a gift from Okawaru
 14886 | Lair:2   | Got an encrusted buckler {god gift}
 14892 | Lair:2   | Identified the +1 buckler of the Trout {+Fly} (Okawaru gifted it to you on level 2 of the Lair of Beasts)
 15459 | Lair:2   | Noticed an eight-headed hydra
 15493 | Lair:2   | Killed an eight-headed hydra
 16272 | Lair:3   | Reached skill level 16 in Stealth
 16288 | Lair:3   | Found a staircase to the Swamp.
 16427 | Lair:3   | Noticed Harold
 16435 | Lair:3   | Killed Harold
 16551 | Lair:3   | Reached ****** piety under Okawaru
 17366 | Lair:4   | Noticed a death yak
 17396 | Lair:4   | Killed a death yak
 17396 | Lair:4   | Received a gift from Okawaru
 17460 | Lair:4   | Noticed a death yak
 17462 | Lair:4   | Noticed a six-headed hydra
 17465 | Lair:4   | Noticed a death yak
 17876 | Lair:3   | Killed a death yak
 17876 | Lair:3   | Reached XP level 12. HP: 41/63 MP: 13/13
 18014 | Lair:3   | HP: 1/63 [spiny frog (21)]
 18794 | Lair:3   | Killed a death yak
 19078 | Lair:3   | Killed a six-headed hydra
 19137 | Lair:4   | Noticed a death yak
 19140 | Lair:4   | Noticed a death yak
 19143 | Lair:4   | Killed a death yak
 19143 | Lair:4   | Reached skill level 17 in Stealth
 19156 | Lair:4   | Killed a death yak
 19217 | Lair:4   | Noticed an eight-headed hydra
 19233 | Lair:4   | Killed an eight-headed hydra
 19732 | Lair:4   | Received a gift from Okawaru
 20294 | Lair:4   | Received a gift from Okawaru
 20305 | Lair:4   | Reached skill level 10 in Short Blades
 20308 | Lair:4   | Got a scorched hat {god gift}
 20314 | Lair:4   | Identified the +2 hat of Immorality {rCorr Int+4} (Okawaru gifted it to you on level 4 of the Lair of Beasts)
 21144 | Lair:5   | Noticed a seven-headed hydra
 21151 | Lair:5   | Killed a seven-headed hydra
 21225 | Lair:5   | Noticed a four-headed hydra
 21250 | Lair:5   | Killed a four-headed hydra
 21350 | Lair:5   | Noticed Nessos
 21609 | Lair:5   | Killed Nessos
 21609 | Lair:5   | Reached XP level 13. HP: 68/68 MP: 14/14
 21822 | Lair:6   | Entered Level 6 of the Lair of Beasts
 21833 | Lair:6   | Found a staircase to the Slime Pits.
 22428 | Lair:6   | Found a viscous altar of Jiyva.
 22647 | Lair:6   | Reached skill level 18 in Stealth
 23005 | Lair:4   | Received a gift from Okawaru
 23490 | Lair:6   | Reached skill level 10 in Throwing
 24206 | Lair:6   | Received a gift from Okawaru
 24982 | Lair:6   | Received a gift from Okawaru
 27607 | D:10     | Received a gift from Okawaru
 28238 | D:10     | Reached XP level 14. HP: 75/75 MP: 15/15
 28244 | D:10     | Noticed Erolcha
 28255 | D:10     | Killed Erolcha
 28273 | D:10     | Got a glittering silver ring
 28275 | D:10     | Identified the ring of Qiosu {rElec rN+ Str+3} (You found it on level 10 of the Dungeon)
 28606 | D:10     | Noticed Maurice
 28616 | D:10     | Killed Maurice
 28921 | D:10     | Received a gift from Okawaru
 28921 | D:10     | Reached skill level 1 in Evocations
 28954 | D:10     | Found a shimmering altar of Xom.
 29389 | D:11     | Found a flagged portal.
 29405 | D:11     | Received a gift from Okawaru
 29459 | Bailey   | Entered a bailey
 29958 | D:11     | Received a gift from Okawaru
 29958 | D:11     | Reached skill level 5 in Evocations
 30798 | D:12     | Received a gift from Okawaru
 30803 | D:12     | Received a gift from Okawaru
 31221 | D:12     | Found a staircase to the Orcish Mines.
 31250 | D:12     | Received a gift from Okawaru
 31250 | D:12     | Reached skill level 19 in Stealth
 31811 | D:13     | Received a gift from Okawaru
 31920 | D:13     | Reached skill level 15 in Dodging
 34168 | D:13     | Found a gate to the Vaults.
 34197 | D:13     | Received a gift from Okawaru
 34343 | D:13     | Noticed a vault warden
 34418 | D:13     | Killed a vault warden
 34921 | D:14     | Found Jodeupsa's General Store.
 34926 | D:14     | Noticed Josephine
 34948 | D:14     | Killed Josephine
 35117 | D:14     | Noticed Agnes
 35125 | D:14     | Killed Agnes
 35171 | D:14     | Bought a scroll of enchant weapon for 75 gold pieces
 35171 | D:14     | Bought a potion of invisibility for 80 gold pieces
 35171 | D:14     | Bought a scroll of enchant weapon for 75 gold pieces
 35171 | D:14     | Bought a scroll of identify for 20 gold pieces
 35171 | D:14     | Bought a potion of heal wounds for 50 gold pieces
 35171 | D:14     | Bought a scroll of identify for 20 gold pieces
 35344 | D:14     | Found Vatwadosch's Magic Scroll Shoppe.
 35366 | D:14     | Bought a scroll of enchant weapon for 135 gold pieces
 35587 | D:14     | Found Lughakod's Magic Scroll Boutique.
 35592 | D:14     | Bought a scroll of enchant weapon for 75 gold pieces
 35596 | D:14     | Got a steaming cloak
 35597 | D:14     | Identified the +0 cloak "Fuziluaq" {Int+3} (You found it on level 14 of the Dungeon)
 35789 | D:15     | Entered Level 15 of the Dungeon
 35914 | D:15     | Reached XP level 15. HP: 72/80 MP: 22/22
 36058 | D:15     | Found a staircase to the Depths.
 36061 | D:15     | Received a gift from Okawaru
 36074 | D:15     | Reached skill level 1 in Invocations
 36459 | D:15     | Received a gift from Okawaru
 36499 | D:15     | Reached skill level 10 in Fighting
 37511 | Orc:1    | Entered Level 1 of the Orcish Mines
 37529 | Orc:1    | Noticed an orc warlord
 37580 | Orc:1    | Killed an orc warlord
 37580 | Orc:1    | Reached skill level 20 in Stealth
 37782 | Orc:2    | Entered Level 2 of the Orcish Mines
 37793 | Orc:2    | Found Gero's Book Shop.
 37817 | Orc:2    | Found a staircase to the Elven Halls.
 37833 | Orc:2    | Found Diakir's Antique Weapon Shop.
 37833 | Orc:2    | Noticed an orc warlord
 38320 | Orc:2    | Killed an orc warlord
 38535 | Orc:2    | Found Nigeli's Antique Armour Shoppe.
 39216 | Orc:2    | Found Kafimodi's General Store.
 39257 | Orc:2    | Found Gilets's Antique Armour Shoppe.
 39883 | Orc:1    | Received a gift from Okawaru
 40250 | Orc:2    | Bought a glowing rapier for 270 gold pieces
 40919 | Lair:6   | Received a gift from Okawaru
 41125 | Lair:6   | Received a gift from Okawaru
 41542 | Swamp:1  | Entered Level 1 of the Swamp
 41626 | Swamp:1  | Noticed Kirke
 41637 | Swamp:1  | Killed Kirke
 41673 | Swamp:1  | Received a gift from Okawaru
 41726 | Swamp:1  | Got an encrusted quick blade {god gift}
 42133 | Swamp:1  | Identified the +1 quick blade of the Hand {antimagic, SInv Stlth+} (Okawaru gifted it to you on level 1 of the Swamp)
 42204 | Swamp:1  | Noticed Louise
 42213 | Swamp:1  | Killed Louise
 42533 | Swamp:1  | Reached XP level 16. HP: 82/86 MP: 23/23
 43803 | Swamp:2  | Noticed a thorn hunter
 44246 | Swamp:2  | Killed a thorn hunter
 44246 | Swamp:2  | Received a gift from Okawaru
 45023 | Swamp:2  | Reached skill level 21 in Stealth
 46973 | Swamp:3  | Noticed a thorn hunter
 46999 | Swamp:3  | Killed a thorn hunter
 47410 | Swamp:3  | Slain by a shambling mangrove

Vault maps used:
D:1:      lightli_arrival_windingriver
D:2:      eino_tiny_chamber, okawaru_ov_weapons_minmay
D:3:      minmay_diamond_boxcup, kennysheep_slug_shrine, first_bread,
          nemelex_diamond_rough_becter
D:4:      old_standard_altar, nicolae_overflow_quartered_altars,
          eat_drink_and_be_merry_uskayaw
D:6:      zin_angel, basic_altar
D:8:      dpeg_lair_monsters
D:9:      kennysheep_ambush_hall, nicolae_dithmenos_shadow_blocks, bloody_trog
D:10:     basic_altar, the_bakery, uniq_maurice, uniq_erolcha
D:11:     enter_bailey_2
D:12:     orc_0_dummy, hangedman_cracks_in_the_wall
D:13:     david_vaults_5
D:14:     serial_shops, shop, kennysheep_little_box, shop, minmay_liquid_box,
          uniq_agnes, uniq_josephine
D:15:     grunt_enter_depths_hoard, corexii_hall_statues_deadend
Temple:   cyrus_temple_forest
Lair:1:   lemuel_ratsnest, bh_autumn_forest_stairs, lemuel_fruit_tree
Lair:2:   guppyfry_snake_entry_island, grunt_forest_small_clearing_treed,
          infiniplex_staircase_pool_2
Lair:3:   minmay_swamp_entry_worms, uniq_harold
Lair:4:   beast_lair_carwin_8
Lair:5:   uniq_nessos
Lair:6:   evilmike_catoblepas_cave, slime_altar_1, st_stairs_5,
          bobbens_dragon_lair_wall
Swamp:1:  evilmike_swamp_ruin_rubble_2, uniq_louise, uniq_kirke
Swamp:2:  nicolae_swamp_stair_fork, swamp_pool1
Swamp:3:  evilmike_swamp_ruin_house_6, infiniplex_staircase_pool
Orc:1:    nicolae_orc_tapped_out
Orc:2:    grunt_orc_gardens, grunt_orc_garden, grunt_orc_garden,
          grunt_orc_garden, grunt_orc_garden, serial_shops,
          nicolae_shop_competitors_out_of_business, rock_pile
Bailey:   bailey_axe_1, bailey

Skill      XL: |  1  2  3  4  5  6  7  8  9 10 11 12 13 14 15 16 |
---------------+-------------------------------------------------+-----
Stealth        | 6 7 8 9 11 12 13 14 15 16 17 18 19 20 21 | 21.2
Dodging        | 2 4 6 8 10 12 13 14 15 16 17 | 17.1
Fighting       | 2 3 4 5 7 8 9 10 11 | 11.0
Short Blades   | 3 4 6 7 9 10 11 12 13 | 13.8
Throwing       | 3 4 5 7 8 9 10 11 12 | 12.8
Evocations     | 8 |  8.0
Invocations    | 4 |  4.0

Action                   |  1- 3 |  4- 6 |  7- 9 | 10-12 | 13-15 | 16-18 || total
-------------------------+-------+-------+-------+-------+-------+-------++-------
Melee: Dagger            |   128 |   125 |   393 |   887 |  2129 |   325 ||  3987
       Rapier            |       |       |       |       |       |   170 ||   170
       Quick blade       |       |       |       |       |       |    32 ||    32
 Fire: Blowgun           |     4 |    13 |       |   119 |   118 |    14 ||   268
Throw: Throwing net      |       |       |     1 |     8 |       |       ||     9
       Tomahawk          |       |       |     3 |     6 |    29 |     1 ||    39
Invok: Finesse           |       |       |       |     1 |     1 |     2 ||     4
       Heroism           |       |       |       |     1 |       |       ||     1
 Abil: Evoke Invisibilit |       |       |       |       |    25 |     5 ||    30
Evoke: Wand              |       |       |     1 |     1 |       |       ||     2
  Use: Scroll            |       |    10 |     8 |    13 |    25 |       ||    56
       Potion            |       |       |     5 |     7 |    13 |       ||    25
 Stab: Sleeping          |     5 |    16 |    24 |    36 |   105 |     8 ||   194
       Distracted        |       |     2 |     4 |     4 |    20 |     2 ||    32
       Held in net/web   |       |       |       |     7 |       |       ||     7
       Confused          |       |       |       |     9 |     6 |       ||    15
       Invisible         |       |       |       |       |   105 |    14 ||   119
       Paralysed         |       |       |       |       |     2 |     1 ||     3
  Eat: Pizza             |       |     1 |       |     4 |     2 |       ||     7
       Fruit             |       |       |     5 |       |     6 |       ||    11
       Royal jelly       |       |       |     1 |       |     2 |       ||     3
       Bread ration      |       |       |       |     1 |     4 |     1 ||     6
Armor: Robe              |    26 |    13 |    19 |    37 |   111 |    23 ||   229
Dodge: Dodged            |   107 |    90 |   252 |   668 |  1760 |   363 ||  3240
